 Dungeon Crawl Stone Soup version 0.31.0-1-g2c135a0 (webtiles) character file.

Game seed: 16174599762529361577

1171 samcosmo the Ruffian (level 8, -2/76 HPs)
             Began as a Naga Shapeshifter on Mar 14, 2024.
             Slain by an orc warrior
             ... wielding a +0 scimitar
              (8 damage)
             ... on level 4 of the Dungeon.
             The game lasted 00:12:44 (4331 turns).

samcosmo the Ruffian (Naga Shapeshifter)            Turns: 4331, Time: 00:12:45

Health: -2/76      AC:  4    Str: 18    XL:     8   Next: 41%
Magic:  8/8        EV:  9    Int: 12    God:
Gold:   246        SH:  0    Dex: 10    Spells: 7/7 levels left

rFire   . .          .
                       - Unarmed
rCold   . . .        (no shield)
rNeg    . . .        a - +1 animal skin
rPois   +            (helmet currently unavailable)
rElec   .            (cloak currently unavailable)
rCorr   .            (gloves currently unavailable)
SInv    +            (no barding)
Will    ++...        r - amulet of regeneration
Stlth   +            n - ring of willpower
HPRegen 1.12/turn    (no ring)
MPRegen 0.11/turn

%: no passive effects
@: beast-form, very slow
A: beast (slay +3), AC +2, large, see invisible, deformed body, poison
resistance, slowness 2, spit poison 1, naga tail 1
a: Spit Poison, Begin Untransformation


You were on level 4 of the Dungeon.
You were a hulking beast.
You visited 1 branch of the dungeon, and saw 5 of its levels.

You collected 246 gold pieces.

Inventory:

Missiles
 i - 2 throwing nets
Armour
 a - a +1 animal skin (worn)
 p - a +0 pair of gloves
Jewellery
 f - an amulet of the acrobat
 n - a ring of willpower (left hand)
 r - an amulet of regeneration (around neck)
Talismans
 c - a beast talisman
 d - a flux talisman
Scrolls
 b - a scroll of identify
 h - a scroll of enchant armour
 j - a scroll of enchant weapon
Potions
 e - a potion of cancellation {unknown}
 g - a potion of enlightenment
 k - 4 potions of curing
 l - 2 potions of degeneration
 q - a potion of resistance
 s - a potion of heal wounds
 t - a potion of brilliance {unknown}


   Skills:
 + Level 5.7 Fighting
 - Level 1.5 Dodging
 + Level 6.3 Unarmed Combat
 + Level 5.9 Shapeshifting


You had 7 spell levels left.
You didn't know any spells.
Your spell library contained the following spells:

 Spells                   Type           Power      Damage    Failure   Level
 Cigotuvi's Dreadful Rot  Necr/Alch/Air  0%         N/A       45%         2
 Hailstorm                Conj/Ice       0%         3d5       69%         3
 Summon Ice Beast         Ice/Summ       0%         N/A       69%         3
 Dispel Undead            Necr           0%         3d6       97%         4
 Martyr's Knell           Necr/Summ      0%         N/A       97%         4
 Death Channel            Necr           0%         N/A       100%        6
 Sculpt Simulacrum        Ice/Alch       0%         N/A       100%        6


Dungeon Overview and Level Annotations

Branches:
Dungeon (5/15)
 Temple: D:4-7

Altars:
Ashenzari
Ru
Sif Muna


Innate Abilities, Weirdness & Mutations

You are a hulking beast.
Your limbs bulge with bestial killing power. (Slay +3)
Your serpentine skin is tough. (AC +2)
You have supernaturally acute eyesight. (SInv)
Armour fits poorly on your strangely shaped body.
Your system is resistant to poisons. (rPois)
You cover ground very slowly.
You can spit poison.
You have a snake-like lower body.


Message History

You closely miss the orc warrior.
The orc warrior is moderately wounded.
The orc warrior hits you with a +0 scimitar!!
You barely miss the orc warrior.
The orc warrior is moderately wounded.
You hit the orc warrior.
The orc warrior is heavily wounded.
An orc comes into view. It is wielding a +0 hand axe.
The orc warrior closely misses you.
You completely miss the orc warrior.
The orc warrior is heavily wounded.
The orc warrior barely misses you.
You hit the orc warrior but do no damage.
The orc warrior is heavily wounded.
The orc warrior hits you with a +0 scimitar!
You barely miss the orc warrior.
The orc warrior is heavily wounded.
The orc warrior hits you with a +0 scimitar!
You are too injured to fight recklessly!
You are too injured to fight recklessly!
There is a stone staircase leading up, spattered with blood here.
The orc warrior closely misses you.
You climb upwards.
There is a stone staircase leading down here.
You closely miss the orc warrior.
The orc warrior is heavily wounded.
The orc warrior hits you with a +0 scimitar!
* * * LOW HITPOINT WARNING * * *
You hit the orc warrior but do no damage.
The orc warrior is heavily wounded.
The orc warrior hits you with a +0 scimitar.
* * * LOW HITPOINT WARNING * * *
You hit the orc warrior.
The orc warrior is heavily wounded.
The orc warrior hits you with a +0 scimitar!
* * * LOW HITPOINT WARNING * * *
You closely miss the orc warrior.
The orc warrior is heavily wounded.
The orc warrior hits you with a +0 scimitar!
You die...

#.......#
#..#......#..#####
#.......###..#......#..#
#....)...##..#..P...#..#
#.........#..#......#..#
#########....###++#PP..#
##.............#
#..####=.####.#
##.####.#####.#
#ho..........#
##############


You could see an orc warrior.

Vanquished Creatures
  A water moccasin (D:5)
  An ice beast (D:5)
  2 ogres
  A phantom (D:4)
  A scorpion (D:5)
  3 bombardier beetles
  A jelly (D:4)
  A sleepcap (D:5)
  2 hounds (D:5)
  3 gnoll boudas
  An orc wizard (D:3)
  12 gnolls
  11 adders
  A white imp (D:5)
  5 dart slugs
  4 ribbon worms
  7 orcs
  7 endoplasms
  5 giant cockroaches
  8 goblins
  10 hobgoblins
  2 jackals (D:1)
  7 kobolds
  9 quokkas
  11 ball pythons
  8 bats
  2 frilled lizards (D:2)
  A rat (D:2)
127 creatures vanquished.

Notes
Turn   | Place    | Note
-------+----------+-------------------------------------------
     0 | D:1      | samcosmo the Naga Shapeshifter began the quest for the Orb.
     0 | D:1      | Reached XP level 1. HP: 18/18 MP: 1/1
   102 | D:1      | Reached XP level 2. HP: 8/25 MP: 2/2
   553 | D:1      | Reached XP level 3. HP: 27/32 MP: 3/3
  1271 | D:2      | You fall into a shaft and drop 1 floor!
  1291 | D:3      | Reached XP level 4. HP: 26/40 MP: 4/4
  1682 | D:3      | Reached XP level 5. HP: 46/48 MP: 5/5
  1752 | D:2      | Reached skill level 4 in Unarmed Combat
  3022 | D:4      | HP: 3/67 [gnoll/+2 whip of draining[a gnoll bouda] (1)]
  3034 | D:4      | Reached XP level 6. HP: 14/54 MP: 6/6
  3280 | D:4      | Found a sacrificial altar of Ru.
  3416 | D:4      | Reached skill level 5 in Unarmed Combat
  3416 | D:4      | Reached XP level 7. HP: 64/64 MP: 7/7
  3618 | D:4      | Found a shimmering blue altar of Sif Muna.
  3618 | D:4      | Found a broken altar of Ashenzari.
  3803 | D:5      | Entered Level 5 of the Dungeon
  3847 | D:5      | Reached skill level 5 in Shapeshifting
  3955 | D:5      | Reached skill level 5 in Fighting
  3969 | D:5      | Reached XP level 8. HP: 36/74 MP: 8/8
  4015 | D:5      | Reached skill level 6 in Unarmed Combat
  4331 | D:4      | Slain by an orc warrior

Illustrated notes

Levels and vault maps discovered:
D:1:      minmay_arrival_shoal_huts, layout_basic,
          nicolae_kite_square_tiling_tiny
D:2:      minmay_chambers_of_twos, layout_basic, minmay_unequal
D:3:      layout_loops_ring, mrwooster_statue_mirror
D:4:      cheibrodos_old_hovel, layout_basic, nicolae_overflow_crystal_walls,
          gammafunk_temple_overflow_pools
D:5:      layout_loops_ring, gammafunk_ghost_abyssal_escape, minmay_pentangle

Skill      XL: |  1  2  3  4  5  6  7  8 |
---------------+-------------------------+-----
Fighting       | 2 3 4 5 |  5.7
Unarmed Combat | 4 5 6 |  6.3
Shapeshifting  | 4 5 |  5.9
Dodging        | |  1.5

Action                     |  1- 3 |  4- 6 |  7- 9 || total
---------------------------+-------+-------+-------++-------
  Melee: Unarmed           |   108 |   163 |   186 ||   457
         Punch             |     2 |     8 |     3 ||    13
Ability: Spit Poison       |     2 |     8 |       ||    10
    Use: Scroll            |       |    11 |     1 ||    12
         Potion            |       |     1 |       ||     1
   Stab: Sleeping          |       |     2 |       ||     2
 Armour: Animal skin       |    75 |    94 |   155 ||   324
         Skin              |       |    14 |       ||    14
  Dodge: Dodged            |    62 |    71 |    87 ||   220
